 Dungeon Crawl Stone Soup version 0.26.1-11-gd32895ea62 (webtiles) character file.

Game seed: 16508225449743133756

65 ubername the Skirmisher (level 3, 0/30 HPs)
             Began as a Demonspawn Chaos Knight on May 19, 2021.
             Was a Plaything of Xom.
             Slain by a white imp (2 damage)
             ... summoned by Xom
             ... on level 2 of the Dungeon.
             The game lasted 00:02:35 (1818 turns).

ubername the Skirmisher (Demonspawn Chaos Knight)   Turns: 1818, Time: 00:02:36

Health: 0/30       AC:  6    Str: 11    XL:     3   Next: 92%
Magic:  3/3        EV: 15    Int: 13    God:    Xom [*.....]
Gold:   73         SH:  0    Dex: 12    Spells: 2/2 levels left

rFire    . . .     SeeInvis .   a - +0 falchion (chaos)
rCold    . . .     Faith    .   (no shield)
rNeg     . . .     Spirit   .   b - +2 leather armour
rPois    .         Reflect  .   (no helmet)
rElec    .         Harm     .   (no cloak)
rCorr    .         Rampage  .   m - +0 pair of gloves
Will     .....                  (no boots)
Stlth    +.........             (no amulet)
HPRegen  0.10/turn              j - +4 ring of evasion
MPRegen  0.08/turn              (no ring)

@: no status effects
A: hooves 2, weak 1
a: Renounce Religion


You were on level 2 of the Dungeon.
You worshipped Xom.
You were a special plaything of Xom.
You visited 1 branch of the dungeon, and saw 2 of its levels.

You collected 73 gold pieces.

Inventory:

Hand Weapons
 a - a +0 falchion of chaos (weapon)
 d - a cursed -1 flail
Missiles
 i - 11 poisoned darts (quivered)
Armour
 b - a +2 leather armour (worn)
 m - a +0 pair of gloves (worn)
Jewellery
 j - a +4 ring of evasion (left hand)
Scrolls
 e - 2 scrolls of identify
Potions
 c - a potion of flight {unknown}
 f - a potion of might {unknown}
 g - a potion of haste {unknown}
 h - 2 potions of lignification {unknown}
 k - a potion of degeneration {unknown}
 l - a potion of curing {unknown}


   Skills:
 + Level 3.7 Fighting
 + Level 3.2 Long Blades
 * Level 1.5 Polearms
 + Level 1.9 Armour
 + Level 1.0 Dodging


You had 2 spell levels left.
You didn't know any spells.
Your spell library was empty.

Dungeon Overview and Level Annotations

Branches:
Dungeon (2/15)

Altars:
Hepliaklqana


Innate Abilities, Weirdness & Mutations

You have hoof-like feet.
You are weak. (Str -2)


Message History

You closely miss the ufetubus. Your kick misses the ufetubus.
The ufetubus is heavily wounded.
The ufetubus closely misses you. The ufetubus misses you.
You closely miss the white imp. Your kick misses the white imp.
The white imp is lightly wounded.
You hit the white imp but do no damage.
You kick the white imp, but do no damage.
The white imp is lightly wounded.
The white imp lashes its tail.
The white imp hits you. The white imp freezes you.
You hit the white imp.
The white imp is moderately wounded.
The white imp gestures at you. The puff of frost hits you!
* * * LOW HITPOINT WARNING * * *
You closely miss the white imp.
The white imp is moderately wounded.
The white imp hits you.
You die... "This toy is broken."

.....##...####...#........# #####
.....+....#......#........# #.#
.....###'##...####........# #.#
.....###..#...####........# #.###
..............+..+><......# #....
###.....#.....##.#........###.###
# #...........##.#............# #
#...........##.#..########### #
#####.......##@#..#....# #
#.......##5#..#....# #
.###.......##5#.......# #
.....................### #
#....................# #
#.....###..#.........# # #.....#
##.#.........#
###.....####...........# ....####
#.........#####


You could see a white imp (summoned) and an ufetubus (summoned).

Vanquished Creatures
  2 adders (D:2)
  An ooze (D:1)
  2 dart slugs (D:1)
  A leopard gecko (D:1)
  3 giant cockroaches
  2 goblins
  6 hobgoblins
  A jackal (D:1)
  A ball python (D:1)
  4 bats
  5 frilled lizards (D:1)
  7 kobolds (D:1)
  4 rats
39 creatures vanquished.

Vanquished Creatures (collateral kills)
  A kobold (D:1)
1 creature vanquished.

Grand Total: 40 creatures vanquished

Notes
Turn   | Place    | Note
-------+----------+-------------------------------------------
     0 | D:1      | ubername the Demonspawn Chaos Knight began the quest for
                  | the Orb.
     0 | D:1      | Reached XP level 1. HP: 18/18 MP: 1/1
   248 | D:1      | XOM: cast spell 'Summon Small Mammal'
   595 | D:1      | Gained mutation: You have large cloven feet. [demonic
                  | ancestry]
   595 | D:1      | Reached XP level 2. HP: 24/24 MP: 2/2
   781 | D:1      | XOM: silly message
   789 | D:1      | XOM: divination: detect items
   963 | D:1      | Gained mutation: You have hoof-like feet. [demonic
                  | ancestry]
   963 | D:1      | Reached XP level 3. HP: 29/29 MP: 3/3
  1120 | D:1      | XOM: silly message
  1153 | D:1      | Reached skill level 1 in Dodging
  1375 | D:1      | XOM: noise
  1476 | D:2      | Reached skill level 1 in Polearms
  1759 | D:2      | Found a hazy altar of Hepliaklqana.
  1806 | D:2      | XOM: summons 2 hostile demons
  1810 | D:2      | XOM: give mutation
  1810 | D:2      | Gained mutation: You are weak. (Str -2) [Xom's mischief]
  1818 | D:2      | Slain by a white imp

Illustrated notes

Levels and vault maps discovered:
D:1:      saegor_arrival_simple_d, layout_loops_corners, minmay_misc_feat_iff
D:2:      layout_basic, lemuel_crystal_altar, led_sif_pool

Skill      XL: |  1  2  3 |
---------------+----------+-----
Long Blades    | 3 |  3.2
Dodging        | 1 |  1.0
Polearms       | 1 |  1.5
Fighting       | |  3.7
Armour         | |  1.9

Action                   || total
-------------------------++-------
Melee: Falchion          ||    96
       Kick              ||    21
Throw: Dart              ||     1
  Use: Scroll            ||     1
Armor: Leather armour    ||    35
Dodge: Dodged            ||    86
       Rpst.: Falchion   ||    21
